 Dungeon Crawl Stone Soup version 0.29-a0-275-g389c0b56f3 (webtiles) character file.

Game seed: 14655573954832217721

3357 noway the Destroyer (level 9, 0/65 HPs)
             Began as a Demonspawn Ice Elementalist on Mar 11, 2022.
             Was an Initiate of Gozag.
             Slain by a slime creature (9 damage)
             ... on level 7 of the Dungeon.
             The game lasted 00:37:42 (10250 turns).

noway the Destroyer (Demonspawn Ice Elementalist)  Turns: 10250, Time: 00:37:44

Health: 0/65       AC: 19    Str: 15    XL:     9   Next: 73%
Magic:  11/15      EV: 13    Int: 20    God:    Gozag
Gold:   506        SH:  5    Dex: 14    Spells: 0/16 levels left

rFire   + . .      SeeInvis .   b - +6 spear "Qetur" {vorpal, rPois}
rCold   . . .      Faith    .   (no shield)
rNeg    . . .      Spirit   .   K - +0 steam dragon scales
rPois   +          Reflect  +   C - +0 helmet
rElec   .          Harm     .   t - +2 cloak {Stlth+}
rCorr   .          Rampage  .   k - +0 pair of gloves
Will    .....                   x - +0 pair of boots
Stlth   ++++......              p - amulet of reflection
HPRegen 0.20/turn               r - ring of protection from fire
MPRegen 0.28/turn               F - +6 ring of strength

@: ice-armoured, gold aura
A: powered by death 1, magic regeneration, weakness stinger 2
a: Renounce Religion, Potion Petition, Call Merchant, Bribe Branch


You were on level 7 of the Dungeon.
You worshipped Gozag.
Gozag was pleased with you.
You visited 2 branches of the dungeon, and saw 9 of its levels.

You collected 616 gold pieces.
You paid 110 gold pieces to Gozag.

Inventory:

Hand Weapons
 a - a +0 hunting sling
 b - the +6 spear "Qetur" (weapon) {vorpal, rPois}
   (You found it on level 6 of the Dungeon)

   It inflicts extra damage upon your enemies.
   rPois:     It protects you from poison.
 d - a +0 short sword
 u - a +0 antimagic hand axe
 D - a +3 whip
 I - a +4 dagger of draining
 J - a +2 dagger of electrocution
Missiles
 B - 3 throwing nets
 E - 5 boomerangs
Armour
 k - a +0 pair of gloves (worn)
 t - a +2 cloak of stealth (worn)
 x - a +0 pair of boots (worn)
 C - a +0 helmet (worn)
 K - +0 steam dragon scales (worn)
 L - a +2 robe of willpower
Jewellery
 p - an amulet of reflection (around neck)
 r - a ring of protection from fire (left hand)
 F - a +6 ring of strength (right hand)
Wands
 j - a wand of flame (40)
 z - a wand of iceblast (5) (quivered)
 H - a wand of charming (9)
 N - a wand of polymorph (5)
Scrolls
 c - 4 scrolls of identify
 h - 2 scrolls of immolation
 l - 2 scrolls of vulnerability
 o - 2 scrolls of teleportation
 v - a scroll of fear {unknown}
 y - a scroll of amnesia {unknown}
 A - a scroll of noise {unknown}
 G - a scroll of silence {unknown}
 M - a scroll of fog {unknown}
 O - a scroll of enchant armour {unknown}
Potions
 f - a potion of brilliance
 g - 4 potions of magic
 m - a potion of lignification {unknown}
 n - 2 potions of attraction
 q - a potion of curing {unknown}
 s - a potion of resistance {unknown}
 w - a potion of heal wounds {unknown}


   Skills:
 + Level 4.1 Fighting
 - Level 3.0 Armour
 - Level 3.0 Dodging
 - Level 5.0 Stealth
 - Level 4.0 Spellcasting
 - Level 8.0 Conjurations
 - Level 6.0 Ice Magic
 - Level 3.0 Air Magic
 - Level 3.0 Poison Magic


You couldn't memorise any spells.
You knew the following spells:

 Your Spells              Type           Power      Damage    Failure   Level
a - Freeze                Ice            100%       1d11      1%          1
d - Magic Dart            Conj           100%       1d8       1%          1
f - Frozen Ramparts       Ice            56%        1d7       3%          3
i - Iskenderun's Battles  Conj           36%        2d9       13%         5
m - Mephitic Cloud        Conj/Pois/Air  22%        N/A       6%          3
o - Ozocubu's Armour      Ice            28%        N/A       3%          3

Your spell library contained the following spells:

 Spells                   Type           Power      Damage    Failure   Level
 Static Discharge         Conj/Air       26%        N/A       1%          2
 Hailstorm                Conj/Ice       32%        3d8       7%          4
 Call Imp                 Summ           4%         N/A       19%         2
 Sticky Flame             Conj/Fire      20%        2d4       24%         4
 Ice Form                 Ice/Tmut       16%        N/A       36%         4
 Dispel Undead            Necr           4%         3d7       77%         4
 Iron Shot                Conj/Erth      10%        9d3       98%         6
 Simulacrum               Ice/Necr       8%         N/A       99%         6
 Spellforged Servitor     Conj/Summ      10%        N/A       100%        7


Dungeon Overview and Level Annotations

Branches:
Dungeon (8/15)             Temple (1/1) D:7
   Lair: D:8-11

Altars:
Ashenzari
Cheibriados
Dithmenos
Elyvilon
Fedhas
Gozag
Hepliaklqana
Kikubaaqudgha
Makhleb
Nemelex Xobeh
Okawaru
Qazlal
Ru
Sif Muna
Trog
Uskayaw
Wu Jian
Xom
Yredelemnul
Zin
The Shining One

Annotations:
D:4 deep water, need flying
D:5 3 runed translucent doors, exclusion: 3 doors, robertstho's ghost, novice DrIE
D:8 exclusion: sky beast


Innate Abilities, Weirdness & Mutations

You regenerate a little health from kills.
You regenerate magic rapidly.
You have a tail ending in a sharp stinger.


Message History

You are too injured to fight recklessly!
You are too injured to fight recklessly!
You hit the slime creature.
The slime creature is heavily wounded.
The wall freezes the slime creature.
The slime creature hits you.
The wall freezes the slime creature.
You block the slime creature's attack.
You hit the slime creature. You tail-slap the slime creature.
The slime creature is severely wounded.
The wall freezes the slime creature.
The slime creature hits you.
* * * LOW HITPOINT WARNING * * *
The wall freezes the slime creature.
The slime creature hits you!
* * * LOW HITPOINT WARNING * * *
Unknown command.
Okay, then.
Unknown command.
You hit the slime creature. You tail-slap the slime creature.
The slime creature is almost dead.
The wall freezes the slime creature!
The slime creature closely misses you.
The wall freezes the slime creature.
The slime creature misses you.
Casting: Frozen Ramparts (dangerous; 3% risk of failure)
Confirm with . or Enter, or press ? or * to list all spells.
A film of ice covers your body!
The wall freezes the slime creature.
You block the slime creature's attack.
The wall freezes the slime creature!
You kill the slime creature!
Training target 8.0 for Conjurations reached!
Your Conjurations skill increases to level 8!
You need to enable at least one skill for training.
You puncture the slime creature! You tail-slap the slime creature.
The slime creature is heavily wounded.
The wall freezes the slime creature.
The slime creature barely misses you.
You hit the slime creature. You tail-slap the slime creature.
The slime creature is severely wounded.
The wall freezes the slime creature.
The slime creature closely misses you.
You completely miss the slime creature.
The slime creature is severely wounded.
The frozen ramparts melt away.
The slime creature hits you but does no damage.
The slime creature hits you!
You die...
Your body crumbles into a pile of gold.

#### #.# #..# #.# #........ #
#.## #.># #.####.##..... #
#..# #..# #......##..... #
###.### #..# ######.##..... #
#.....# #..# #.#####.#
#####.....####..##### #.# #.#
....................# #.# #.#
#####.....####....#.#####.#
##.# #
##...........@$........# #..#
#
#......#####.#J#.#####.####.##
# #.####.# #>...............#
# #.# #.# ###...##.######### #
#.# #.# #.####.# # ##.# #.#
#.# #.# # #..# #.#######.##
#.# #.## #.)........# #.# #.#
####.......# #.#####


You could see a slime creature.

Vanquished Creatures
  2 slime creatures (D:7)
  A wyvern (D:8)
  2 steam dragons (D:6)
  3 water moccasins
  An orc warrior (D:8)
  An ice beast (D:8)
  A sky beast (D:5)
  2 centaurs (D:7)
  A phantom (D:5)
  A kobold brigand (D:8)
  2 bullfrogs (D:7)
  3 necrophages
  2 scorpions (D:6)
  3 wights (D:7)
  A howler monkey (D:7)
  2 jellies
  4 orc priests
  3 hounds
  2 gnoll shamans
  2 iguanas
  Ijyb (D:5)
  Jessica (D:3)
  Terence (D:3)
  8 orc wizards
  8 gnolls
  11 adders
  A shadow imp (D:6)
  4 white imps
  2 ufetubi
  2 worms
  3 dart slugs
  47 orcs
  6 ball pythons
  9 endoplasms
  5 giant cockroaches
  7 goblins
  10 hobgoblins
  4 jackals (D:5)
  3 quokkas
  6 bats
  A frilled lizard (D:2)
  6 kobolds
  10 rats
195 creatures vanquished.

Notes
Turn   | Place    | Note
-------+----------+-------------------------------------------
     0 | D:1      | noway the Demonspawn Ice Elementalist began the quest for
                  | the Orb.
     0 | D:1      | Reached XP level 1. HP: 13/13 MP: 3/3
   202 | D:1      | Gained mutation: You regenerate magic rapidly. [demonic
                  | ancestry]
   202 | D:1      | Reached XP level 2. HP: 19/19 MP: 3/5
   419 | D:1      | Found a faded altar of an unknown god.
  1280 | D:2      | Reached XP level 3. HP: 23/24 MP: 4/6
  1292 | D:1      | Learned a level 3 spell: Frozen Ramparts
  1805 | D:2      | Identified the +1 leather armour of Submission {-Tele rPois
                  | Str+4 SInv}
  1907 | D:2      | Gained mutation: You have a small tail. [demonic ancestry]
  1907 | D:2      | Reached XP level 4. HP: 30/30 MP: 7/7
  2270 | D:3      | Learned a level 3 spell: Ozocubu's Armour
  2431 | D:3      | Noticed Terence
  2441 | D:3      | Killed Terence
  2660 | D:3      | Noticed Jessica
  2733 | D:3      | Killed Jessica
  2734 | D:3      | Reached XP level 5. HP: 26/35 MP: 5/9
  2894 | D:4      | Reached skill level 5 in Ice Magic
  3056 | D:4      | Gained mutation: You have a tail ending in a sharp stinger.
                  | [demonic ancestry]
  3056 | D:4      | Reached XP level 6. HP: 41/41 MP: 9/11
  4056 | D:5      | Entered Level 5 of the Dungeon
  4145 | D:5      | Found a runed translucent gate.
  4145 | D:5      | Found a runed translucent gate.
  4146 | D:5      | Found a runed translucent gate.
  4148 | D:5      | Noticed robertstho's ghost (novice DrIE)
  4186 | D:5      | Noticed a sky beast
  4373 | D:5      | Gained mutation: You regenerate a little health from kills.
                  | [demonic ancestry]
  4373 | D:5      | Reached XP level 7. HP: 46/46 MP: 3/12
  4679 | D:5      | Learned a level 3 spell: Mephitic Cloud
  4742 | D:5      | Noticed Ijyb
  4899 | D:5      | Reached skill level 1 in Conjurations
  4899 | D:5      | Reached skill level 1 in Poison Magic
  4915 | D:5      | Reached skill level 1 in Air Magic
  6119 | D:5      | Reached skill level 2 in Conjurations
  6224 | D:5      | Killed Ijyb
  6322 | D:6      | Identified the +6 spear "Qetur" {vorpal, rPois}
  6455 | D:6      | Reached XP level 8. HP: 52/52 MP: 11/14
  6640 | D:6      | Reached skill level 3 in Conjurations
  6731 | D:6      | Reached skill level 4 in Conjurations
  6886 | D:6      | Reached skill level 1 in Fighting
  6886 | D:6      | Reached skill level 1 in Armour
  7230 | D:6      | Found a broken altar of Ashenzari.
  7317 | D:6      | Found a blossoming altar of Fedhas.
  7978 | D:7      | Found a staircase to the Ecumenical Temple.
  7992 | Temple   | Entered the Ecumenical Temple
  8170 | Temple   | Became a worshipper of Gozag Ym Sagoz the Greedy
  8221 | D:7      | Reached XP level 9. HP: 64/64 MP: 12/15
  8464 | D:7      | Reached skill level 5 in Stealth
  8552 | D:7      | Learned a level 1 spell: Magic Dart
  9099 | D:7      | Reached skill level 5 in Conjurations
  9188 | D:7      | Learned a level 5 spell: Iskenderun's Battlesphere
  9707 | D:8      | Reached skill level 6 in Conjurations
  9860 | D:8      | Found a sparkling altar of Nemelex Xobeh.
 10002 | D:8      | Reached skill level 7 in Conjurations
 10248 | D:7      | Reached skill level 8 in Conjurations
 10250 | D:7      | Slain by a slime creature

Illustrated notes

Levels and vault maps discovered:
D:1:      psy_arrival_radial01, layout_basic,
          shapermc_ecumenical_altar_mp_highgroup, serial_bayou_pond_b
D:2:      layout_loops_ring
D:3:      layout_rooms, minmay_misc_feat_pillars, uniq_terence, uniq_jessica
D:4:      layout_basic, nzn_random_ring
D:5:      layout_loops_ring, tso_metal_star, gammafunk_ghost_necromancy,
          serial_co_window_serial, co_window_corner_a, co_window_paths_a,
          co_window_paths_a, co_window_paths_a, co_window_paths_b,
          co_window_2corner, co_window_of_opportunity_c, co_window_corner_b,
          co_window_of_opportunity_b, co_window_2corner,
          co_window_of_opportunity_b, co_window_broadway_c, glass_columns_c,
          glass_columns_c, glass_columns_a, glass_columns_a, glass_columns_c,
          kennysheep_small_circle, uniq_ijyb
D:6:      layout_basic, mainiacjoe_overflow_two_lobes,
          mainiacjoe_overflow_tiny_flanked
D:7:      layout_loops_ring, minmay_temple_entry_offerings
D:8:      layout_gridville, lemuel_doored_altar
Temple:   eino_temple_scatter_basement

Skill      XL: |  1  2  3  4  5  6  7  8  9 |
---------------+----------------------------+-----
Stealth        | 2 3 4 5 |  5.0
Dodging        | 2 3 |  3.0
Ice Magic      | 4 5 6 |  6.0
Spellcasting   | 3 4 |  4.0
Conjurations   | 2 4 8 |  8.0
Poison Magic   | 2 3 |  3.0
Air Magic      | 2 3 |  3.0
Fighting       | 3 4 |  4.1
Armour         | 3 |  3.0

Action                   |  1- 3 |  4- 6 |  7- 9 || total
-------------------------+-------+-------+-------++-------
Melee: Unarmed           |     7 |       |       ||     7
       Short sword       |     9 |       |       ||     9
       Dagger            |     9 |   103 |    57 ||   169
       Tailslap          |       |     9 |    22 ||    31
       Punch             |       |     2 |     2 ||     4
       Spear             |       |       |   146 ||   146
 Fire: Hunting sling     |       |       |     3 ||     3
 Cast: Freeze            |    47 |     5 |    14 ||    66
       Frozen Ramparts   |     1 |    21 |    43 ||    65
       Ozocubu's Armour  |       |     6 |    14 ||    20
Evoke: Wand              |       |       |     1 ||     1
  Use: Scroll            |       |     5 |     7 ||    12
       Potion            |       |       |     2 ||     2
 Stab: Sleeping          |     2 |     5 |     5 ||    12
       Distracted        |       |       |     3 ||     3
Armor: Robe              |     8 |    23 |    24 ||    55
       Steam dragon scal |       |       |    55 ||    55
Dodge: Dodged            |    37 |    45 |    93 ||   175
Block: Other             |       |    19 |    37 ||    56
       Reflection        |       |       |     3 ||     3

Table legend: (Time is in decaauts)
 A = Elapsed time spent in this place.
 B = Non-inter-level travel time spent in this place.
 C = Inter-level travel time spent in this place.
 D = Time resting spent in this place.
 E = Time spent auto-exploring this place.
 F = Levels seen in this place.
 G = Mean time per level.
                   A        B        C        D        E       F      G
               +--------+--------+--------+--------+--------+-----+--------+
         Total |  10271 |  10066 |    205 |    812 |   7365 |   9 | 1141.2 |
       Dungeon |  10079 |   9906 |    173 |    812 |   7222 |   8 | 1259.9 |
        Temple |    191 |    159 |     32 |      0 |    143 |   1 |  191.0 |
               +--------+--------+--------+--------+--------+-----+--------+

Top non-repeatable levels by time:
     D:5: 2235 daAuts
     D:7: 1469 daAuts
     D:1: 1360 daAuts
     D:6: 1337 daAuts
     D:4: 1241 daAuts
     D:8: 954 daAuts
     D:2: 845 daAuts
     D:3: 635 daAuts
  Temple: 191 daAuts
